 Dungeon Crawl Stone Soup version 0.23.2-30-g0e89c35649 (webtiles) character file.

Game seed: 8681757340330838781

349 Kobolds4U the Magician (level 6, -6/32 HPs)
             Began as a Deep Elf Conjurer on June 18, 2019.
             Splashed by Ijyb's acid (14 damage)
             ... on level 3 of the Dungeon.
             The game lasted 00:05:55 (2703 turns).

Kobolds4U the Magician (Deep Elf Conjurer)          Turns: 2703, Time: 00:05:57

Health: -6/32      AC: -2    Str:  6    XL:     6   Next: 33%
Magic:  18/18      EV: 13    Int: 23    God:
Gold:   133        SH:  0    Dex: 15    Spells: 13/19 levels left

rFire    . . .     SeeInvis .   g - +2 dagger (drain)
rCold    . . .     Gourm    .   (no shield)
rNeg     . . .     Faith    .   a - +0 robe
rPois    .         Spirit   .   (no helmet)
rElec    .         Reflect  .   (no cloak)
rCorr    .         Harm     .   (no gloves)
MR       .....                  (no boots)
Stlth    ++........             (no amulet)
HPRegen  0.10/turn              i - +2 ring of intelligence
MPRegen  0.16/turn              (no ring)

@: corroded
A: no striking features
a: no special abilities


You were on level 3 of the Dungeon.
You were not hungry.

You visited 1 branch of the dungeon, and saw 3 of its levels.

You collected 133 gold pieces.

Inventory:

Hand Weapons
 g - a +2 dagger of draining (weapon)
Armour
 a - a +0 robe (worn)
Jewellery
 i - a +2 ring of intelligence (left hand)
Scrolls
 d - a scroll of teleportation {unknown}
 e - a scroll of remove curse {unknown}
 f - 5 scrolls of identify {unknown}
 j - a scroll of amnesia {unknown}
Potions
 h - a potion of lignification {unknown}
 k - a potion of haste {unknown}
Comestibles
 b - a chunk of flesh
 c - 5 rations


   Skills:
 - Level 2.4 Dodging
 - Level 2.4 Stealth
 * Level 7.3 Spellcasting
 + Level 5.9 Conjurations
 - Level 2.0 Hexes


You had 13 spell levels left.
You knew the following spells:

 Your Spells              Type           Power        Failure   Level  Hunger
a - Magic Dart            Conj           ####         1%          1    None
b - Searing Ray           Conj           #####.       1%          2    None
c - Dazzling Spray        Conj/Hex       ####..       4%          3    None

Your spell library contained the following spells:

 Spells                   Type           Power        Failure   Level  Hunger
 Iskenderun's Mystic Bla  Conj           #####...     6%          4    ###....
 Fulminant Prism          Conj/Hex       ####......   14%         4    ###....
 Force Lance              Conj/Tloc      ###.....     22%         4    ###....


Dungeon Overview and Level Annotations

Branches:
Dungeon (3/15)

Altars:
Trog
Wu Jian

Annotations:
D:3 Ijyb


Message History

Casting: Magic Dart (safe; 1% risk of failure)
Confirm with . or Enter, or press ? or * to list all spells.
Aiming: Magic Dart (safe; 1% risk of failure)
Press: ? - help, Shift-Dir - straight line, f - Ijyb
Aim: Ijyb, wielding a +2 hand axe of venom, wearing a +0 chain mail and carrying a wand of acid (11) (hasn't noticed you)
The magic dart hits Ijyb but does no damage.
Ijyb shouts!
The jackal barks!
This spell is slightly dangerous to cast.
Memorise Force Lance, consuming 4 spell levels and leaving 9?
You start memorising the spell.
You continue memorising. x3
The jackal bites you.
Your memorisation is interrupted.
The jackal barely misses you.
Ijyb zaps a wand.
The bolt of acid hits the jackal!
The jackal is splashed with acid.
The acid corrodes the jackal!
The jackal dies!
The bolt of acid hits you!!
Ouch! That really hurt!
* * * LOW HITPOINT WARNING * * *
The acid corrodes you!
You are splashed with acid!
You die...

#.# #.#
##############.#
.......)....##.######
###########.........#
........###.####.##
#######.# #.# #...
#########.# #.# ####
#...@...#.# #.#
#g#####.#.###.#######
#. #..#.##........ ..
##.###.######### ...
#.## ##.........
.......##.###.#####..##
.h..g.......#..# #..##
##.......####.#.# #..##
.... #.#.# #....


You could see Ijyb.

Vanquished Creatures
  Grinder (D:3)
  An orc wizard (D:3)
  Jessica (D:2)
  A gnoll (D:1)
  3 adders
  An ooze (D:1)
  A worm (D:2)
  A dart slug (D:2)
  2 leopard geckos
  3 orcs (D:3)
  4 giant cockroaches (D:1)
  2 goblins (D:1)
  7 hobgoblins
  4 quokkas
  9 bats
  4 frilled lizards
  5 kobolds
  5 rats
55 creatures vanquished.

Vanquished Creatures (others)
  A jackal (D:3)
1 creature vanquished.

Grand Total: 56 creatures vanquished

Notes
Turn   | Place    | Note
-------+----------+-------------------------------------------
     0 | D:1      | Kobolds4U the Deep Elf Conjurer began the quest for the
                  | Orb.
     0 | D:1      | Reached XP level 1. HP: 10/10 MP: 6/6
   296 | D:1      | Reached XP level 2. HP: 15/15 MP: 4/8
   316 | D:1      | Learned a level 2 spell: Searing Ray
   405 | D:1      | Reached skill level 4 in Spellcasting
   584 | D:1      | Reached XP level 3. HP: 10/19 MP: 6/10
  1216 | D:2      | Learned a level 3 spell: Dazzling Spray
  1421 | D:2      | Found a bloodstained altar of Trog.
  1440 | D:2      | Reached skill level 5 in Spellcasting
  1440 | D:2      | Reached skill level 5 in Conjurations
  1584 | D:2      | Found an ornate altar of the Wu Jian Council.
  1947 | D:2      | You fall through a shaft!
  1948 | D:3      | Noticed Ijyb
  1997 | D:2      | Reached skill level 1 in Hexes
  1997 | D:2      | Reached XP level 4. HP: 24/24 MP: 10/13
  2052 | D:2      | Noticed Jessica
  2054 | D:2      | Killed Jessica
  2299 | D:3      | Reached XP level 5. HP: 28/28 MP: 11/15
  2424 | D:3      | Noticed Grinder
  2432 | D:3      | Killed Grinder
  2432 | D:3      | Reached skill level 7 in Spellcasting
  2432 | D:3      | Reached XP level 6. HP: 12/32 MP: 6/18
  2703 | D:3      | Splashed by Ijyb's acid

Skill      XL: |  1  2  3  4  5 |
---------------+----------------+-----
Spellcasting   | 4 5 7 |  7.3
Conjurations   | 5 |  5.9
Hexes          | 1 2 |  2.0
Dodging        | |  2.4
Stealth        | |  2.4

Action                   |  1- 3 |  4- 6 || total
-------------------------+-------+-------++-------
Melee: Dagger            |    18 |     7 ||    25
       Unarmed           |     2 |       ||     2
 Cast: Magic Dart        |    51 |    21 ||    72
       Searing Ray       |     4 |     3 ||     7
       Dazzling Spray    |       |     2 ||     2
 Stab: Sleeping          |     3 |     1 ||     4
  Eat: Chunk             |     3 |     2 ||     5
Armor: Robe              |     4 |     2 ||     6
Dodge: Dodged            |    19 |     7 ||    26
